 Dungeon Crawl Stone Soup version 0.30.0-10-gfe55d96785 (webtiles) character file.

Game seed: 16977981592326592649

504 qw the Chopper (level 7, -4/43 HPs)
             Began as a Gargoyle Cinder Acolyte on May 16, 2023.
             Was a High Priest of Ignis.
             Slain by an ogre
             ... wielding a +0 giant club
              (9 damage)
             ... on level 4 of the Dungeon.
             The game lasted 00:03:35 (3543 turns).

qw the Chopper (Gargoyle Cinder Acolyte)            Turns: 3543, Time: 00:03:36

Health: -4/43      AC: 18    Str: 19    XL:     7   Next: 17%
Magic:  8/8        EV: 10    Int: 15    God:    Ignis [*****.]
Gold:   218        SH:  4    Dex:  5    Spells: 8/8 levels left

rFire   + . .        Y - +0 hand axe (flame)
rCold   + . .        c - +0 buckler
rNeg    + . .        d - +0 ring mail
rPois   inf          k - +0 helmet
rElec   +            (no cloak)
rCorr   .            (no gloves)
SInv    .            (no boots)
Will    .....        (no amulet) Stlth
                     g - ring of protection from cold
HPRegen 0.27/turn    (no ring)
MPRegen 0.11/turn

%: no passive effects
@: about to teleport, fiery-armoured
A: sickness immunity, AC +4, negative energy resistance 1, electricity
resistance, torment resistance 1, petrification resistance
a: Renounce Religion, Fiery Armour, Foxfire Swarm, Rising Flame


You were on level 4 of the Dungeon.
You worshipped Ignis.
Ignis was extremely pleased with you.
You visited 1 branch of the dungeon, and saw 4 of its levels.

You collected 218 gold pieces.


Innate Abilities, Weirdness & Mutations

You are immune to sickness and miasma.
Your stone body is resilient. (AC +4)
You are immune to poison.
You resist negative energy. (rN+)
You are resistant to electric shocks. (rElec)
You are resistant to unholy torment.
You are immune to petrification.


   Skills:
 - Level 4.1 Fighting
 + Level 5.6 Axes
 - Level 1.2 Armour
 - Level 4.2 Shields
 - Level 1.0 Spellcasting
 - Level 3.0 Fire Magic


You had 8 spell levels left.
You didn't know any spells.
Your spell library contained the following spells:

 Spells                   Type           Power      Damage    Failure   Level
 Scorch                   Fire           18%        2d6       22%         2

Inventory:

Hand Weapons
 Y - a +0 hand axe of flaming (weapon)
Missiles
 e - a boomerang (quivered)
Armour
 b - a +2 robe of fire resistance
 c - a +0 buckler (worn)
 d - a +0 ring mail (worn)
 j - a +0 chain mail
 k - a +0 helmet (worn)
Jewellery
 g - a ring of protection from cold (left hand)
Scrolls
 a - 2 scrolls of teleportation
 i - a scroll of enchant armour {unknown}
 m - a scroll of identify {unknown}
Potions
 f - a potion of berserk rage {unknown}
 h - 3 potions of flight {unknown}
 l - a potion of heal wounds {unknown}
 n - 2 potions of mutation {unknown}

Dungeon Overview and Level Annotations

Branches:
Dungeon (4/15)
 Temple: D:4-7

Altars:

Shops:
D:4 [

Annotations:
D:4 1 runed translucent door, Crazy Yiuf


Message History

You throw a boomerang.
The boomerang closely misses the goblin.
You throw a boomerang. The boomerang barely misses the goblin.
You throw a boomerang. The boomerang hits the goblin.
The goblin is almost dead.
You barely miss the goblin.
The goblin is almost dead.
The goblin barely misses you.
You hit the goblin. You burn the goblin.
You kill the goblin!
n - 2 bubbling grey potions (gained 1)
An ogre comes into view. It is wielding a +0 giant club.
The ogre shouts!
A giant cockroach comes into view.
You throw a boomerang. The boomerang hits the ogre.
The ogre is lightly wounded.
An adder comes into view.
You throw a boomerang. The boomerang hits the ogre.
The ogre is moderately wounded.
You throw a boomerang. The boomerang closely misses the ogre.
You throw a boomerang. The boomerang closely misses the adder.
You hit the ogre but do no damage.
The ogre is moderately wounded.
You hit the giant cockroach. You burn the giant cockroach.
You kill the giant cockroach!
The ogre hits you with a +0 giant club!
You barely miss the ogre.
The ogre is moderately wounded.
You hit the adder. You burn the adder. The adder bites you.
The ogre hits you with a +0 giant club!!
Ouch! That really hurt!
3542 ||| READING 3 scrolls of teleportation.
As you read the scroll of teleportation, it crumbles to dust.
You feel strangely unstable. The adder barely misses you.
3543 ||| INVOKING Fiery Armour.
A protective cloak of flame settles atop you.
You block the adder's attack. The ogre hits you with a +0 giant club!
You die...

#.###....#####.#...
##.#.............#..
##................#..
##.......>............
#...................##
#..................##
#.....)............#
##...<.............#
##..@#...........
##OS###.......# ....#
#.......# #....#
#.......# #...$#
#.......###### #...$#
#..........#.. #....#
#..##......... #....#
#..#..........
#..#..........


You could see an ogre and an adder.

Vanquished Creatures
  Sigmund (D:4)
  Jessica (D:2)
  2 iguanas (D:4)
  Natasha (D:2)
  2 orc wizards (D:4)
  Robin (D:2)
  7 adders
  A worm (D:3)
  3 dart slugs
  6 orcs (D:4)
  6 ball pythons
  11 bats
  11 endoplasms
  5 giant cockroaches
  20 goblins
  10 hobgoblins
  3 quokkas
  2 frilled lizards
  3 kobolds
  3 rats (D:3)
99 creatures vanquished.

Notes
Turn   | Place    | Note
-------+----------+-------------------------------------------
     0 | D:1      | qw the Gargoyle Cinder Acolyte began the quest for the Orb.
     0 | D:1      | Reached XP level 1. HP: 14/14 MP: 2/2
     0 | D:1      | 0 ||| qw: Version: 0.2-a-94-g6f95ed7
     0 | D:1      | 0 ||| qw: Game counter: 43
     0 | D:1      | 0 ||| qw: Always use a shield: true
     0 | D:1      | 0 ||| qw: God list: Okawaru
     0 | D:1      | 0 ||| qw: Allow faded altars: false
     0 | D:1      | 0 ||| qw: Do Orc after D:15 true
     0 | D:1      | 0 ||| qw: Do second Lair branch before Depths: true
     0 | D:1      | 0 ||| qw: Lair rune preference: random
     0 | D:1      | 0 ||| qw: Plans: Normal
     0 | D:1      | 0 ||| PLANNING D:1-11
    84 | D:1      | Reached skill level 3 in Axes
   116 | D:1      | Reached XP level 2. HP: 17/19 MP: 3/3
   840 | D:1      | 840 ||| Stepping ~*~*~tactically~*~*~ (hiding).
   857 | D:1      | 857 ||| Stepping ~*~*~tactically~*~*~ (stealth).
   908 | D:1      | 908 ||| Stepping ~*~*~tactically~*~*~ (stealth).
   921 | D:1      | Reached XP level 3. HP: 23/23 MP: 4/4
   928 | D:1      | 928 ||| UPGRADING to +0 ring mail.
   938 | D:1      | 938 ||| DROPPING +0 robe.
   939 | D:1      | 939 ||| UPGRADING to ring of protection from cold.
   940 | D:1      | 940 ||| READING scroll labelled KEP JULAFYAH.
   941 | D:1      | 941 ||| READING scroll labelled AFFAEF BUJEANGU.
   942 | D:1      | 942 ||| READING scroll labelled RIAWEBBU VATHRU.
   943 | D:1      | 943 ||| DRINKING 2 sapphire potions.
  1028 | D:2      | Reached skill level 4 in Axes
  1063 | D:2      | Noticed Natasha
  1064 | D:2      | 1064 ||| Stepping ~*~*~tactically~*~*~ (stealth).
  1065 | D:2      | 1065 ||| DRINKING 2 red potions.
  1076 | D:2      | Reached skill level 1 in Armour
  1078 | D:2      | 1078 ||| INVOKING Fiery Armour.
  1078 | D:2      | Killed Natasha
  1079 | D:2      | Reached XP level 4. HP: 14/28 MP: 5/5
  1236 | D:2      | Identified the +0 ring mail of Wisdom {Str+10 Int+2 Dex-4
                  | Slay-6}
  1286 | D:2      | Found a faded altar of an unknown god.
  1296 | D:2      | Noticed Jessica
  1297 | D:2      | 1297 ||| Stepping ~*~*~tactically~*~*~ (hiding).
  1307 | D:2      | Killed Jessica
  1308 | D:2      | Reached XP level 5. HP: 21/32 MP: 6/6
  1432 | D:2      | Reached skill level 5 in Axes
  1696 | D:2      | 1696 ||| Stepping ~*~*~tactically~*~*~ (stealth).
  1702 | D:2      | Noticed Robin
  1703 | D:2      | 1703 ||| Stepping ~*~*~tactically~*~*~ (hiding).
  1714 | D:2      | Killed Robin
  1747 | D:2      | 1747 ||| Stepping ~*~*~tactically~*~*~ (stealth).
  1957 | D:2      | 1957 ||| DROPPING +0 ring mail of Wisdom {Str+10 Int+2
                  | Dex-4 Slay-6}.
  1958 | D:2      | 1958 ||| UPGRADING to +0 buckler.
  1963 | D:2      | 1963 ||| UPGRADING to +0 helmet.
  1968 | D:2      | 1968 ||| READING scroll labelled MOMISI JADOECH.
  1973 | D:2      | 1973 ||| READING scroll labelled FESMASO HUARUY.
  1974 | D:2      | 1974 ||| READING scroll labelled AKLIAN RAKLAA.
  1975 | D:2      | 1975 ||| DRINKING 2 puce potions.
  1976 | D:2      | 1976 ||| DROPPING potion of magic.
  1977 | D:2      | 1977 ||| DROPPING potion of attraction.
  2077 | D:3      | 2077 ||| Stepping ~*~*~tactically~*~*~ (hiding).
  2339 | D:3      | Reached skill level 1 in Shields
  2863 | D:3      | 2863 ||| READING scroll labelled FOSAMAAKAJO.
  2897 | D:4      | Noticed Sigmund
  2898 | D:4      | 2898 ||| Stepping ~*~*~tactically~*~*~ (hiding).
  2899 | D:4      | 2899 ||| Stepping ~*~*~tactically~*~*~ (hiding).
  2911 | D:4      | 2911 ||| PLANNING D:1-11
  2921 | D:4      | 2921 ||| PLANNING D:1-11
  2926 | D:4      | 2926 ||| DRINKING potion of curing.
  2926 | D:4      | 2926 ||| (to cure confusion)
  2930 | D:4      | Killed Sigmund
  2931 | D:4      | Reached XP level 6. HP: 28/38 MP: 7/7
  2971 | D:4      | Found Socsuud's Antique Armour Shoppe.
  2984 | D:4      | 2984 ||| PLANNING D:1-11
  2985 | D:4      | 2985 ||| INVOKING Fiery Armour.
  3147 | D:4      | Found a runed translucent door.
  3148 | D:4      | Noticed Crazy Yiuf
  3203 | D:4      | 3203 ||| Stepping ~*~*~tactically~*~*~ (stealth).
  3251 | D:4      | Reached XP level 7. HP: 42/43 MP: 8/8
  3270 | D:4      | 3270 ||| Stepping ~*~*~tactically~*~*~ (hiding).
  3271 | D:4      | 3271 ||| Stepping ~*~*~tactically~*~*~ (hiding).
  3381 | D:4      | 3381 ||| Stepping ~*~*~tactically~*~*~ (stealth).
  3541 | D:4      | HP: 5/43 [ogre/+0 giant club (26)]
  3542 | D:4      | 3542 ||| READING 3 scrolls of teleportation.
  3543 | D:4      | 3543 ||| INVOKING Fiery Armour.
  3543 | D:4      | Slain by an ogre

Levels and vault maps discovered:
D:1:      psy_arrival_basics, layout_loops_corners
D:2:      layout_basic, ebering_ecumenical_altar_rust, serial_glass,
          glass_columns_c, glass_columns_a, glass_columns_b, glass_columns_a,
          uniq_jessica, uniq_natasha, uniq_robin
D:3:      cheibrodos_old_hovel, layout_basic, minmay_fountain_box
D:4:      layout_rooms, zin_statuary, serial_shops, shop,
          nicolae_take_the_stairs, uniq_crazy_yiuf_cottage, uniq_sigmund

Skill      XL: |  1  2  3  4  5  6 |
---------------+-------------------+-----
Axes           | 3 4 5 |  5.6
Armour         | 1 |  1.2
Shields        | 4 |  4.2
Fighting       | 4 |  4.1
Spellcasting   | |  1.0
Fire Magic     | |  3.0

Action                     |  1- 3 |  4- 6 |  7- 9 || total
---------------------------+-------+-------+-------++-------
  Melee: Hand axe          |   108 |   163 |    57 ||   328
         Punch             |     1 |     1 |       ||     2
         Unarmed           |       |     2 |       ||     2
  Throw: Boomerang         |       |     9 |    16 ||    25
 Invoke: Fiery Armour      |     1 |     1 |     1 ||     3
    Use: Scroll            |     3 |     4 |     1 ||     8
         Potion            |     2 |     2 |       ||     4
 Armour: Robe              |    44 |       |       ||    44
         Ring mail         |    26 |    75 |    20 ||   121
         Skin              |       |     2 |       ||     2
  Dodge: Dodged            |    75 |    84 |    24 ||   183
  Block: Buckler           |       |     9 |    12 ||    21

Table legend:
 A = Non-vault XP
 B = Vault XP
 C = Vault XP percentage of total XP
 D = Non-vault monster count
 E = Vault monster count
 F = Vault count percentage of total count
                 A         B        C        D         E       F
            +---------+---------+-------+---------+---------+-------
      Total |     388 |     332 |  46.1 |      85 |      14 |  14.1
            +---------+---------+-------+---------+---------+-------
        D:1 |      34 |       0 |   0.0 |      18 |       0 |   0.0
        D:2 |      89 |     105 |  54.1 |      22 |      12 |  35.3
        D:3 |      52 |       1 |   1.9 |      20 |       1 |   4.8
        D:4 |     213 |     226 |  51.5 |      25 |       1 |   3.8
            +---------+---------+-------+---------+---------+-------
